 Dungeon Sprint DCSS version 0.17-a0-1646-geb1493d (webtiles) character file.

200 Kidiri the Basher (level 5, -5/62 HPs)
             Began as an Ogre Berserker on Aug 10, 2015.
             Was an Elder of Trog.
             Slain by a wyvern (15 damage)
             ... in the Dungeon (Sprint IX: "|||||||||||||||||||||||||||||").
             The game lasted 00:03:36 (339 turns).

Kidiri the Basher (Ogre Berserker)                   Turns: 339, Time: 00:03:37

Health: -5/62      AC:  4    Str: 26    XL:     5   Next: 79%
Magic:  5/5        EV: 12    Int:  6    God:    Trog [****..]
Gold:   0          SH:  0    Dex: 12    Spells: 0 memorised, 4 levels left

rFire  . . .     SeeInvis .     o - +2 morningstar of the Boar {vamp, *Rage rPois rC+}
rCold  + . .     Rnd*Rage +     b - +0 animal skin
rNeg   . . .     SustAt   .     (no shield)
rPois  +         Gourm    .     (helmet restricted)
rElec  .         Spirit   .     q - +0 cloak
rCorr  .         Warding  .     (gloves unavailable)
rMut   .         NoTele   +     (boots unavailable)
MR     .....                    (no amulet)
Stlth  +.........               p - +3 ring of strength
                                c - +3 ring of dexterity

@: not resistant to hostile enchantments, very unstealthy
A: unfitting armour, tough skin 1
a: Burn Spellbooks, Berserk, Trog's Hand, Brothers in Arms, Renounce Religion


You were in the Dungeon.
You worshipped Trog.
Trog was greatly pleased with you.
You were not hungry.

You visited 1 branch

Inventory:

Hand weapons
 o - the +2 morningstar of the Boar (weapon) {vamp, *Rage rPois rC+}
   (You found it in the Dungeon)

   It inflicts no extra harm, but heals its wielder somewhat when it strikes a
   living foe.
   It protects you from cold.
   It protects you from poison.
   It may make you go berserk in combat.
Missiles
 k - 2 stones (quivered)
Armour
 b - a +0 animal skin (worn)
 q - a +0 cloak (worn)
Jewellery
 c - a +3 ring of dexterity (left hand)
 p - a +3 ring of strength (right hand)
Magical devices
 n - a wand of cold (7)
Scrolls
 i - 2 scrolls of blinking
 m - 3 scrolls of remove curse
Potions
 d - a potion of invisibility
 e - 2 potions of heal wounds
 f - a potion of haste
 g - 4 potions of magic
 h - a potion of berserk rage
 l - 4 potions of curing
Comestibles
 j - 6 chunks of flesh


   Skills:
 + Level 7.0 Fighting
 * Level 8.9 Maces & Flails
 + Level 4.3 Throwing
 + Level 3.2 Armour
 * Level 6.3 Dodging


You had 4 spell levels left.
You didn't know any spells.

Dungeon Overview and Level Annotations

Branches:
Dungeon (1/1)

Altars:
Cheibriados
Dithmenos
Elyvilon
Fedhas
Gozag
Kikubaaqudgha
Makhleb
Nemelex Xobeh
Okawaru
Qazlal
Ru
Sif Muna
Trog
Vehumet
Xom
Yredelemnul
Zin
The Shining One
Beogh
Jiyva
Lugonu


Innate Abilities, Weirdness & Mutations

You are too large for most types of armour.
You have tough skin (AC +1).


Message History

The wyvern bites you!
The phantom blinks!
You barely miss the wyvern. The wyvern barely misses you.
You sock the wyvern!
You feel better.
The wyvern is moderately wounded.
The wyvern bites you. x2
You barely miss the wyvern.
The wyvern is moderately wounded.
The wyvern hisses menacingly.
The wyvern bites you! The phantom barely misses you. The wyvern bites you!
You puncture the phantom!
You destroy the phantom!
Your Fighting skill increases to level 7!
Your Maces & Flails skill increases to level 8!
Your Throwing skill increases to level 4!
Your Armour skill increases to level 3!
Your Dodging skill increases to level 6!
The wyvern bites you!
* * * LOW HITPOINT WARNING * * *
The wyvern bites you!
You die... ▓▓▓▓▓▓▓▓▓▓▓▓▓▓▓▓▓▓▓▓▓▓▓▓ +...hZl@).[.[)|?.'______ ▓▓▓▓▓▓▓▓▓▓▓▓▓▓▓▓▓▓▓▓▓▓▓▓

You could see a wyvern, a hound and a bat skeleton.

Vanquished Creatures
  A phantom (D)
  A scorpion (D)
  A quasit (D)
  A hound (D)
  An adder (D)
  A giant gecko (D)
  A bat (D)
  A giant newt (D)
  A goblin (D)
  2 kobolds (D)
  A quokka skeleton (D)
  A rat (D)
13 creatures vanquished.

Notes
Turn   | Place    | Note
--------------------------------------------------------------
     0 | D        | Kidiri the Ogre Berserker began the quest for the Orb.
     0 | D        | Reached XP level 1. HP: 24/24 MP: 1/1
    11 | D        | Acquired Trog's second power
   146 | D        | Noticed a hound
   146 | D        | Noticed a quasit
   166 | D        | Reached skill level 5 in Maces & Flails
   166 | D        | Reached skill level 1 in Throwing
   166 | D        | Reached skill level 1 in Armour
   166 | D        | Reached XP level 2. HP: 33/33 MP: 2/2
   173 | D        | Killed a quasit
   173 | D        | Reached skill level 5 in Fighting
   173 | D        | Reached skill level 6 in Maces & Flails
   173 | D        | Reached XP level 3. HP: 35/42 MP: 3/3
   179 | D        | Killed a hound
   179 | D        | Acquired Trog's third power
   179 | D        | Reached XP level 4. HP: 40/52 MP: 4/4
   201 | D        | Found a glowing silver altar of Zin.
   201 | D        | Found a glowing golden altar of the Shining One.
   201 | D        | Found an ancient bone altar of Kikubaaqudgha.
   201 | D        | Found a basalt altar of Yredelemnul.
   201 | D        | Found a shimmering altar of Xom.
   201 | D        | Found a radiant altar of Vehumet.
   202 | D        | Found an iron altar of Okawaru.
   203 | D        | Found a burning altar of Makhleb.
   204 | D        | Found a deep blue altar of Sif Muna.
   205 | D        | Found a bloodstained altar of Trog.
   206 | D        | Found a sparkling altar of Nemelex Xobeh.
   207 | D        | Found a white marble altar of Elyvilon.
   208 | D        | Found a roughly hewn altar of Beogh.
   209 | D        | Found a viscous altar of Jiyva.
   210 | D        | Found a corrupted altar of Lugonu.
   211 | D        | Found a blossoming altar of Fedhas.
   212 | D        | Found a snail-covered altar of Cheibriados.
   213 | D        | Found a shadowy altar of Dithmenos.
   214 | D        | Found a stormy altar of Qazlal.
   215 | D        | Found an opulent altar of Gozag.
   216 | D        | Found a sacrificial altar of Ru.
   233 | D        | Got the +2 morningstar of the Boar {vamp, *Rage rPois rC+}
   329 | D        | Noticed a hound
   329 | D        | Noticed a wyvern
   329 | D        | Noticed a phantom
   329 | D        | Noticed a scorpion
   331 | D        | Killed a scorpion
   331 | D        | Reached skill level 7 in Maces & Flails
   331 | D        | Reached skill level 5 in Dodging
   331 | D        | Reached XP level 5. HP: 59/59 MP: 5/5
   339 | D        | Killed a phantom
   339 | D        | Reached skill level 8 in Maces & Flails
   339 | D        | Slain by a wyvern

Vault maps used:
D:        linesprint

Action                   |  1- 3 |  4- 6 || total
-------------------------+-------+-------++-------
Melee: Mace              |    46 |       ||    46
       Morningstar       |       |     9 ||     9
Invok: Berserk           |     1 |       ||     1
  Use: Potion            |     2 |       ||     2
  Eat: Bread ration      |       |     1 ||     1
